 Dungeon Crawl Stone Soup version 0.17.1-1-g73c8601 (webtiles) character file.

232 JustSomeDude the Insei (level 5, 0/42 HPs)
             Began as a Demonspawn Monk on Dec 28, 2015.
             Killed by divine providence
             ... invoked by an orc priest
              (13 damage)
             ... on level 4 of the Dungeon.
             The game lasted 00:10:05 (4250 turns).

JustSomeDude the Insei (Demonspawn Monk)            Turns: 4250, Time: 00:10:05

Health: 0/42       AC:  8    Str: 11    XL:     5   Next: 73%
Magic:  14/14      EV:  6    Int: 12    God:
Gold:   123        SH:  0    Dex: 16    Spells: 0 memorised, 4 levels left

rFire  . . .     SeeInvis .     c - +1 dagger (freeze)
rCold  . . .     Clarity  .     h - +0 chain mail
rNeg   . . .     SustAt   .     (no shield)
rPois  .         Gourm    .     (no helmet)
rElec  .         Spirit   .     (no cloak)
rCorr  .         Warding  .     (no gloves)
rMut   .         Stasis   .     (no boots)
MR     .....                    (no amulet)
Stlth  ..........               (no ring)
                                l - ring of magical power

@: not resistant to hostile enchantments, extremely unstealthy
A: hooves 1, powered by pain 1
a: no special abilities


You were on level 4 of the Dungeon.
You were hungry.

You visited 1 branch of the dungeon, and saw 4 of its levels.
You also visited: Ossuary.

You collected 123 gold pieces.

Inventory:

Hand Weapons
 c - a +1 dagger of freezing (weapon)
Missiles
 k - 5 silver tomahawks (quivered)
Armour
 a - a +0 robe
 h - a +0 chain mail (worn)
Jewellery
 l - a ring of magical power (left hand)
 m - a cursed ring of teleportation {unknown}
Scrolls
 f - a scroll of remove curse
 i - a scroll of identify
 o - a scroll of enchant weapon {unknown}
Potions
 e - 2 potions of mutation {unknown}
 g - a potion of curing {unknown}
 n - a potion of invisibility {unknown}
Comestibles
 b - a meat ration
 d - a beef jerky
 j - a bread ration


   Skills:
 + Level 4.0 Fighting
 + Level 1.0 Short Blades
 + Level 1.3 Armour
 + Level 3.7 Dodging
 + Level 2.6 Stealth
 + Level 4.3 Unarmed Combat


You had 4 spell levels left.
You didn't know any spells.

Dungeon Overview and Level Annotations

Branches:
Dungeon (4/15)
 Temple: D:4-7

Altars:
Okawaru
Trog


Innate Abilities, Weirdness & Mutations

You have large cloven feet.
You sometimes gain a little power by taking damage.


Message History

The orc priest is severely wounded.
The orc priest hits you with a mace. The orc hits you.
The orc completely misses you.
You closely miss the orc priest.
The orc priest is severely wounded.
The orc hits you.
The orc priest hits you but does no damage.
You hit the orc priest but do no damage.
You kick the orc priest, but do no damage.
The orc priest is severely wounded.
The orc hits you with a morningstar. The orc barely misses you.
You hit the orc priest but do no damage.
The orc priest is severely wounded.
The orc priest casts a cantrip, but nothing happens.
The orc barely misses you. The orc hits you but does no damage.
Your chain mail prevents you from hitting the orc priest.
The orc priest is severely wounded.
The orc priest invokes the aid of Beogh against you.
Something smites you!
You die...

..............)......
.##+####.......##+####
+.......# ....#
#.......# ....# .
#.......# ....#..
#.......# .......
#.....<.# ...#.#.
#.......##o......
##+#.....@o..#.#.
#......o...... ....#
#.........#... ##...#
+.........# . .#...# #
#...#.#...#
.#...##.####..........
.#........ ...#.#.....#
.#§§§.........!.......#
.#§§§.....


You could see an orc priest and 2 orcs.

Vanquished Creatures
  An orc priest (D:3)
  A centaur skeleton (D:3)
  2 worker ants (D:4)
  6 adders
  An ooze (D:3)
  3 worms (D:3)
  4 orcs
  5 giant cockroaches
  9 hobgoblins
  4 jackals (D:2)
  A quokka (D:2)
  4 ball pythons
  4 bats
  2 giant geckos
  4 giant newts
  8 goblins
  6 kobolds
  6 rats
71 creatures vanquished.

Notes
Turn   | Place    | Note
--------------------------------------------------------------
     0 | D:1      | JustSomeDude the Demonspawn Monk began the quest for the Orb.
     0 | D:1      | Reached XP level 1. HP: 18/18 MP: 1/1
   192 | D:1      | Gained mutation: You have large cloven feet. [demonic ancestry]
   192 | D:1      | Reached XP level 2. HP: 1/24 MP: 2/2
  1095 | D:2      | Reached skill level 4 in Unarmed Combat
  1102 | D:2      | Gained mutation: You sometimes gain a little power by taking damage. [demonic ancestry]
  1102 | D:2      | Reached XP level 3. HP: 18/29 MP: 3/3
  1299 | D:2      | Found an iron altar of Okawaru.
  1300 | D:2      | Found a bloodstained altar of Trog.
  2014 | D:2      | Reached XP level 4. HP: 35/35 MP: 4/4
  2498 | D:3      | Reached XP level 5. HP: 2/42 MP: 5/5
  2510 | D:3      | HP: 2/42 [orc/dagger (1)]
  3452 | D:4      | Reached skill level 1 in Short Blades
  3452 | D:4      | Reached skill level 1 in Armour
  3640 | D:4      | Found a sand-covered staircase.
  3649 | Ossuary  | Entered an ossuary
  4250 | D:4      | Killed from afar by an orc priest

Action                   |  1- 3 |  4- 6 || total
-------------------------+-------+-------++-------
Melee: Dagger            |   128 |   197 ||   325
       Unarmed           |     3 |       ||     3
Throw: Tomahawk          |       |     1 ||     1
  Use: Scroll            |       |     3 ||     3
 Stab: Sleeping          |     2 |       ||     2
  Eat: Bread ration      |     1 |       ||     1
       Chunk             |       |     4 ||     4
       Fruit             |       |     2 ||     2
